 Dungeon Crawl Stone Soup version 0.20.0-10-g0535bb4 (webtiles) character file.

97 McKennaii the Skirmisher (level 4, -2/35 HPs)
             Began as a Demonspawn Fighter on June 5, 2017.
             Killed from afar by Terence (6 damage)
             ... with a wand of flame (?/48)
             ... on level 3 of the Dungeon.
             The game lasted 00:01:39 (1934 turns).

McKennaii the Skirmisher (Demonspawn Fighter)       Turns: 1934, Time: 00:01:40

Health: -2/35      AC:  6    Str: 17    XL:     4   Next: 42%
Magic:  4/4        EV:  7    Int:  9    God:
Gold:   164        SH:  9    Dex: 13    Spells: 3/3 levels left

rFire    . . .     SeeInvis .   a - +0 long sword
rCold    . . .     Gourm    .   c - +0 shield
rNeg     . . .     Faith    .   b - +0 scale mail
rPois    .         Spirit   .   (no helmet)
rElec    .         Reflect  .   (no cloak)
rCorr    .         Harm     .   (no gloves)
MR       +....                  (no boots)
Stlth    ..........             (no amulet)
Regen    0.2/turn               g - ring of protection from magic
MPRegen  0.1/turn               (no ring)

@: no status effects
A: rot immunity
a: no special abilities


You were on level 3 of the Dungeon.
You were hungry.

You visited 1 branch of the dungeon, and saw 3 of its levels.

You collected 164 gold pieces.

Inventory:

Hand Weapons
 a - a +0 long sword (weapon)
Armour
 b - a +0 scale mail (worn)
 c - a +0 shield (worn)
Jewellery
 g - a ring of protection from magic (left hand)
Scrolls
 e - 2 scrolls of remove curse {unknown}
 h - 5 scrolls of identify {unknown}
 m - a scroll of blinking {unknown}
 n - 2 scrolls of amnesia {unknown}
 o - 2 scrolls of magic mapping {unknown}
 q - a scroll of noise {unknown}
 s - a scroll of immolation {unknown}
Potions
 d - a potion of might
 j - 2 potions of invisibility {unknown}
 k - a potion of haste {unknown}
 l - 4 potions of flight {unknown}
 r - a potion of berserk rage {unknown}
 t - a potion of lignification {unknown}
 u - a potion of magic {unknown}
 v - a potion of agility {unknown}
Comestibles
 f - 2 bread rations
 i - 2 meat rations
 p - a royal jelly


   Skills:
 + Level 3.4 Fighting
 + Level 2.4 Long Blades
 + Level 3.1 Armour
 + Level 1.2 Dodging
 + Level 3.3 Shields


You had 3 spell levels left.
You didn't know any spells.

Dungeon Overview and Level Annotations

Branches:
Dungeon (3/15)

Altars:
Ru
Trog
Yredelemnul

Annotations:
D:3 Terence


Innate Abilities, Weirdness & Mutations

You are immune to rotting.


Message History

Terence is moderately wounded.
Terence closely misses you.
Your scale mail prevents you from hitting Terence.
Terence is moderately wounded.
Terence barely misses you.
You slash Terence!
Terence is severely wounded.
Terence hits you with a mace.
You hit Terence.
Terence is severely wounded.
Terence hits you but does no damage.
You hit Terence but do no damage.
Terence is severely wounded.
Terence zaps a wand.
The puff of flame hits you!
You barely miss Terence.
Terence is severely wounded.
Terence barely misses you.
Terence zaps a wand.
The puff of flame hits you!
* * * LOW HITPOINT WARNING * * *
Terence zaps a wand.
The puff of flame hits you!
You die...

#..# .# #..# ####.#
#..######....#
#..##........#
#..##........##
#..............
############...#........#.
...............###.#....#
########.@.......#.#....#
#.#######.#.#....# #@#
.#.####.#. #)# #.# #.#.
########.# #.# #.#.
.........# #. #.#.
######......... #.#.
........... #.#.
###.....!... #.#.


You could see Terence.

Vanquished Creatures
  3 adders
  An ooze (D:1)
  2 worms
  A dart slug (D:3)
  A leopard gecko (D:2)
  An orc (D:3)
  2 giant cockroaches
  8 goblins
  11 hobgoblins
  8 kobolds
  A quokka (D:2)
  3 ball pythons
  4 bats (D:2)
  3 frilled lizards
  4 rats
  A spectral orc (D:2)
54 creatures vanquished.

Notes
Turn   | Place    | Note
-------+----------+-------------------------------------------
     0 | D:1      | McKennaii the Demonspawn Fighter began the quest for the Orb.
     0 | D:1      | Reached XP level 1. HP: 18/18 MP: 1/1
   170 | D:1      | Gained mutation: You are immune to rotting. [demonic ancestry]
   170 | D:1      | Reached XP level 2. HP: 24/24 MP: 2/2
   499 | D:2      | Reached XP level 3. HP: 26/29 MP: 3/3
   824 | D:2      | Reached skill level 1 in Dodging
   965 | D:2      | Found a basalt altar of Yredelemnul.
  1070 | D:2      | Reached XP level 4. HP: 16/35 MP: 4/4
  1476 | D:2      | Found a sacrificial altar of Ru.
  1476 | D:2      | Found a bloodstained altar of Trog.
  1913 | D:3      | Noticed Terence
  1934 | D:3      | Killed from afar by Terence

Skill      XL: |  1  2  3 |
---------------+----------+-----
Long Blades    | 2 |  2.4
Armour         | 3 |  3.1
Shields        | 3 |  3.3
Dodging        | 1 |  1.2
Fighting       | |  3.4

Action                   |  1- 3 |  4- 6 || total
-------------------------+-------+-------++-------
Melee: Long sword        |   153 |    54 ||   207
  Eat: Chunk             |     1 |     2 ||     3
Armor: Scale mail        |    77 |    15 ||    92
Dodge: Dodged            |    58 |    19 ||    77
Block: Shield            |    98 |    24 ||   122
       Rpst.: Long sword |    12 |     7 ||    19
